 Dungeon Crawl Stone Soup version 0.31-a0-177-g4aa6249778 (webtiles) character file.

Game seed: 8475324154680620953

477 qw the Shooter (level 7, -1/70 HPs)
             Began as a Naga Hunter on June 18, 2023.
             Slain by Duvessa
             ... wielding a +0 rapier
              (7 damage)
             ... on level 5 of the Dungeon.
             The game lasted 00:01:18 (2800 turns).

qw the Shooter (Naga Hunter)                        Turns: 2800, Time: 00:01:19

Health: -1/70      AC: 11    Str: 15    XL:     7   Next: 11%
Magic:  7/7        EV:  8    Int:  9    God:
Gold:   360        SH:  0    Dex: 17    Spells: 6/6 levels left

rFire   . . .        Y - +1 shortbow
rCold   . . .        (shield currently unavailable)
rNeg    + . .        a - +1 leather armour {rPois}
rPois   +            (no helmet)
rElec   .            d - +1 cloak
rCorr   .            (no gloves)
SInv    +            c - +0 barding of Ashenzari, Dancing {rN+ Str+2 Stlth+}
Will    .....        (no amulet)
Stlth   +++          (no ring)
HPRegen 0.31/turn    (no ring)
MPRegen 0.10/turn

%: no passive effects
@: lethally poisoned (-1 -> -2), short of breath, very slow
A: AC +2, large, see invisible, deformed body, poison resistance, slowness 2,
spit poison 1, naga tail 1, robust 1, wild magic 1
a: Spit Poison


You were on level 5 of the Dungeon.
You visited 1 branch of the dungeon, and saw 5 of its levels.

You collected 360 gold pieces.


Innate Abilities, Weirdness & Mutations

Your serpentine skin is tough. (AC +2)
You have supernaturally acute eyesight. (SInv)
Armour fits poorly on your strangely shaped body.
Your system is resistant to poisons. (rPois)
You cover ground very slowly.
You can spit poison.
You have a snake-like lower body.
You are robust. (+10% HP)
Your spells are a little harder to cast, but a little more powerful.


   Skills:
 - Level 4.1 Fighting
 + Level 6.1 Ranged Weapons
 - Level 1.7 Armour
 - Level 2.0 Dodging
 - Level 1.5 Stealth


You had 6 spell levels left.
You didn't know any spells.
Your spell library was empty.

Inventory:

Hand Weapons
 Y - a +1 shortbow (weapon)
Armour
 a - a +1 leather armour of poison resistance (worn)
 c - the +0 barding of Ashenzari, Dancing (worn) {rN+ Str+2 Stlth+}
   (You acquired it on level 3 of the Dungeon)

   Str:       It affects your strength (+2).
   rN:        It protects you from negative energy.
   Stlth:     It makes you more stealthy.
 d - a +1 cloak (worn)
Scrolls
 b - a scroll of identify
Potions
 f - a potion of heal wounds {unknown}
 g - a potion of haste {unknown}
 h - a potion of mutation
 i - a potion of curing
 j - a potion of attraction {unknown}

Dungeon Overview and Level Annotations

Branches:
Dungeon (5/15)
 Temple: D:4-7

Altars:
Ashenzari
Makhleb
Nemelex Xobeh
Uskayaw

Shops:
D:3 (   D:5 =

Annotations:
D:5 Dowan, Duvessa


Message History

Dowan casts a spell at you. The puff of flame hits you.
The jackal bites you but does no damage.
Duvessa hits you but does no damage.
The jackal bites you but does no damage.
The adder bites you but does no damage.
You shoot an arrow. The arrow hits Duvessa.
Duvessa is heavily wounded.
The jackal bites you but does no damage. x2
The jackal barely misses you. Dowan hits you but does no damage.
The adder bites you.
You are poisoned.
The adder poisons you! Duvessa hits you with a +0 rapier!
The jackal bites you but does no damage. x3
You shoot an arrow.
The arrow hits Duvessa but does no damage.
Duvessa is heavily wounded.
You feel sick. The adder bites you but does no damage.
Dowan hits you but does no damage.
The jackal bites you but does no damage.
Duvessa says, "Where magic fails, the sword succeeds!"
Duvessa hits you with a +0 rapier!
The jackal bites you but does no damage.
The jackal misses you. The adder bites you but does no damage.
You shoot an arrow. The arrow hits Duvessa.
Duvessa is severely wounded.
You have got your breath back.
You feel sick. The jackal bites you.
The jackal bites you but does no damage. x2
Dowan closely misses you. Duvessa hits you but does no damage.
The adder bites you but does no damage. The jackal bites you.
The jackal barely misses you. x2
2800 ||| INVOKING Spit Poison.
Aiming: Spit Poison (1% risk of failure)
Press: ? - help, Shift-Dir - straight line, f/p - Duvessa The splash of poison hits Duvessa.
Duvessa looks even sicker.
Duvessa is almost dead.
You feel sick. Dowan hits you with a +0 dagger.
The adder bites you but does no damage. Duvessa hits you with a +0 rapier!
You die...

#..........#######
#..........#
#......%<..#
#........##
##........##
#..........##
#...........###
#.....hh........
#.....@e...####.#
#....She...#
##.\......##
##.........
.....####.#..
.).### .# . ###.
.. # #


You could see Duvessa (very poisoned), Dowan, an adder and 3 jackals.

Vanquished Creatures
  A scorpion (D:4)
  3 jellies
  2 iguanas
  Ijyb (D:3)
  2 orc wizards (D:4)
  6 adders
  2 river rats (D:3)
  An ufetubus (D:4)
  3 worms
  5 dart slugs
  2 orcs
  6 ball pythons
  7 bats
  11 endoplasms
  3 giant cockroaches
  11 goblins
  6 hobgoblins
  8 jackals (D:4)
  7 kobolds
  3 quokkas
  6 frilled lizards
  14 rats
110 creatures vanquished.

Notes
Turn   | Place    | Note
-------+----------+-------------------------------------------
     0 | D:1      | qw the Naga Hunter began the quest for the Orb.
     0 | D:1      | Reached XP level 1. HP: 19/19 MP: 1/1
     0 | D:1      | 0 ||| qw: Version: 0.3-a-5-g6f28e65
     0 | D:1      | 0 ||| qw: Game counter: 528
     0 | D:1      | 0 ||| qw: Always use a shield: true
     0 | D:1      | 0 ||| qw: God list: Okawaru
     0 | D:1      | 0 ||| qw: Allow faded altars: false
     0 | D:1      | 0 ||| qw: Do Orc after D:15 true
     0 | D:1      | 0 ||| qw: Do second Lair branch before Depths: true
     0 | D:1      | 0 ||| qw: Lair rune preference: random
     0 | D:1      | 0 ||| qw: Plans: Normal
     0 | D:1      | 0 ||| PLANNING D:1-11
    23 | D:1      | 23 ||| INVOKING Spit Poison.
    39 | D:1      | 39 ||| INVOKING Spit Poison.
    60 | D:1      | 60 ||| INVOKING Spit Poison.
    64 | D:1      | 64 ||| INVOKING Spit Poison.
    69 | D:1      | 69 ||| INVOKING Spit Poison.
    74 | D:1      | 74 ||| INVOKING Spit Poison.
    75 | D:1      | Reached skill level 4 in Ranged Weapons
    75 | D:1      | Reached XP level 2. HP: 25/26 MP: 2/2
    90 | D:1      | 90 ||| INVOKING Spit Poison.
   169 | D:1      | 169 ||| INVOKING Spit Poison.
   178 | D:1      | 178 ||| INVOKING Spit Poison.
   184 | D:1      | 184 ||| INVOKING Spit Poison.
   191 | D:1      | 191 ||| INVOKING Spit Poison.
   214 | D:1      | 214 ||| INVOKING Spit Poison.
   217 | D:1      | 217 ||| INVOKING Spit Poison.
   218 | D:1      | 218 ||| INVOKING Spit Poison.
   219 | D:1      | Reached XP level 3. HP: 32/32 MP: 3/3
   230 | D:1      | 230 ||| INVOKING Spit Poison.
   242 | D:1      | 242 ||| INVOKING Spit Poison.
   298 | D:1      | 298 ||| INVOKING Spit Poison.
   305 | D:1      | 305 ||| INVOKING Spit Poison.
   408 | D:1      | 408 ||| READING scroll labelled XUQIUT TIFUAHYO.
   409 | D:1      | 409 ||| DROPPING scroll of butterflies.
   423 | D:2      | 423 ||| INVOKING Spit Poison.
   444 | D:2      | 444 ||| INVOKING Spit Poison.
   562 | D:2      | 562 ||| INVOKING Spit Poison.
   591 | D:2      | 591 ||| INVOKING Spit Poison.
   601 | D:2      | 601 ||| INVOKING Spit Poison.
   620 | D:2      | 620 ||| INVOKING Spit Poison.
   625 | D:2      | 625 ||| INVOKING Spit Poison.
   631 | D:2      | 631 ||| INVOKING Spit Poison.
   639 | D:2      | 639 ||| INVOKING Spit Poison.
   643 | D:2      | 643 ||| INVOKING Spit Poison.
   697 | D:2      | 697 ||| INVOKING Spit Poison.
   700 | D:2      | 700 ||| INVOKING Spit Poison.
   703 | D:2      | 703 ||| INVOKING Spit Poison.
   705 | D:2      | Reached skill level 5 in Ranged Weapons
   705 | D:2      | Reached XP level 4. HP: 36/39 MP: 4/4
   775 | D:2      | 775 ||| INVOKING Spit Poison.
   960 | D:2      | 960 ||| INVOKING Spit Poison.
  1089 | D:2      | 1089 ||| UPGRADING to +0 cloak.
  1094 | D:2      | 1094 ||| READING scroll labelled WIJALIBUCO.
  1095 | D:2      | 1095 ||| READING 2 scrolls labelled ASIHAA MIXEH.
  1096 | D:2      | 1096 ||| DRINKING 2 smoky puce potions.
  1097 | D:2      | 1097 ||| DRINKING 2 smoky cyan potions.
  1097 | D:2      | Gained mutation: You are robust. (+10% HP) [potion of
                  | mutation]
  1097 | D:2      | Gained mutation: Your spells are a little harder to cast,
                  | but a little more powerful. [potion of mutation]
  1110 | D:2      | 1110 ||| DROPPING potion of magic.
  1114 | D:3      | 1114 ||| PLANNING SEWER
  1126 | D:3      | 1126 ||| INVOKING Spit Poison.
  1136 | D:3      | 1136 ||| INVOKING Spit Poison.
  1149 | D:3      | Found a hide-covered altar of Uskayaw.
  1162 | D:3      | 1162 ||| INVOKING Spit Poison.
  1177 | D:3      | 1177 ||| INVOKING Spit Poison.
  1189 | D:3      | Found a broken altar of Ashenzari.
  1228 | D:3      | 1228 ||| INVOKING Spit Poison.
  1232 | D:3      | 1232 ||| INVOKING Spit Poison.
  1254 | D:3      | 1254 ||| INVOKING Spit Poison.
  1256 | D:3      | Found Laox's Weapon Boutique.
  1267 | D:3      | 1267 ||| INVOKING Spit Poison.
  1293 | D:3      | 1293 ||| INVOKING Spit Poison.
  1308 | D:3      | Noticed Ijyb
  1310 | D:3      | 1310 ||| INVOKING Spit Poison.
  1314 | D:3      | 1314 ||| INVOKING Spit Poison.
  1316 | D:3      | Killed Ijyb
  1317 | D:3      | Reached skill level 3 in Fighting
  1317 | D:3      | Reached XP level 5. HP: 29/53 MP: 5/5
  1433 | D:3      | 1433 ||| INVOKING Spit Poison.
  1551 | D:3      | 1551 ||| INVOKING Spit Poison.
  1557 | D:3      | 1557 ||| INVOKING Spit Poison.
  1563 | D:3      | 1563 ||| INVOKING Spit Poison.
  1594 | D:3      | 1594 ||| RIP SEWER
  1595 | D:3      | 1595 ||| PLANNING D:1-11
  1595 | D:3      | 1595 ||| INVOKING Spit Poison.
  1598 | D:3      | 1598 ||| INVOKING Spit Poison.
  1637 | D:3      | 1637 ||| INVOKING Spit Poison.
  1642 | D:3      | 1642 ||| INVOKING Spit Poison.
  1699 | D:3      | 1699 ||| INVOKING Spit Poison.
  1904 | D:3      | Found a sparkling altar of Nemelex Xobeh.
  1909 | D:3      | 1909 ||| INVOKING Spit Poison.
  1916 | D:3      | 1916 ||| UPGRADING to +1 leather armour of poison
                  | resistance.
  1926 | D:3      | 1926 ||| DROPPING +0 leather armour.
  1927 | D:3      | 1927 ||| READING 2 scrolls labelled IKHEIKL DIKEI.
  1928 | D:3      | 1928 ||| READING scroll of enchant armour.
  1928 | D:3      | 1928 ||| ENCHANTING +0 cloak.
  1929 | D:3      | 1929 ||| READING scroll labelled XISYEM YLOYNG.
  1929 | D:3      | Identified a scroll of acquirement
  1929 | D:3      | 1929 ||| ACQUIRING +0 barding of Ashenzari, Dancing {rN+
                  | Str+2 Stlth+}
  1929 | D:3      | Acquired the +0 barding of Ashenzari, Dancing {rN+ Str+2
                  | Stlth+}
  1931 | D:3      | 1931 ||| UPGRADING to +0 barding of Ashenzari, Dancing {rN+
                  | Str+2 Stlth+}.
  1936 | D:3      | 1936 ||| READING 2 scrolls of identify.
  1936 | D:3      | 1936 ||| IDENTIFYING glowing sapphire potion
  1979 | D:4      | 1979 ||| INVOKING Spit Poison.
  1982 | D:4      | 1982 ||| STAIRDANCE
  2028 | D:4      | 2028 ||| INVOKING Spit Poison.
  2033 | D:4      | 2033 ||| INVOKING Spit Poison.
  2036 | D:4      | Reached skill level 1 in Armour
  2036 | D:4      | Reached XP level 6. HP: 56/61 MP: 6/6
  2056 | D:4      | 2056 ||| Stepping ~*~*~tactically~*~*~ (outnumbered).
  2058 | D:4      | 2058 ||| Stepping ~*~*~tactically~*~*~ (outnumbered).
  2060 | D:4      | 2060 ||| Stepping ~*~*~tactically~*~*~ (outnumbered).
  2062 | D:4      | 2062 ||| Stepping ~*~*~tactically~*~*~ (outnumbered).
  2064 | D:4      | 2064 ||| Stepping ~*~*~tactically~*~*~ (outnumbered).
  2066 | D:4      | 2066 ||| INVOKING Spit Poison.
  2068 | D:4      | 2068 ||| DRINKING potion of curing.
  2068 | D:4      | 2068 ||| (to cure confusion)
  2071 | D:4      | 2071 ||| INVOKING Spit Poison.
  2074 | D:4      | 2074 ||| INVOKING Spit Poison.
  2081 | D:4      | 2081 ||| INVOKING Spit Poison.
  2087 | D:4      | 2087 ||| INVOKING Spit Poison.
  2176 | D:4      | 2176 ||| INVOKING Spit Poison.
  2178 | D:4      | Reached skill level 6 in Ranged Weapons
  2218 | D:4      | 2218 ||| INVOKING Spit Poison.
  2222 | D:4      | 2222 ||| INVOKING Spit Poison.
  2228 | D:4      | 2228 ||| INVOKING Spit Poison.
  2275 | D:4      | 2275 ||| INVOKING Spit Poison.
  2279 | D:4      | 2279 ||| INVOKING Spit Poison.
  2312 | D:4      | 2312 ||| INVOKING Spit Poison.
  2313 | D:4      | 2313 ||| INVOKING Spit Poison.
  2316 | D:4      | 2316 ||| INVOKING Spit Poison.
  2384 | D:4      | 2384 ||| INVOKING Spit Poison.
  2390 | D:4      | 2390 ||| INVOKING Spit Poison.
  2395 | D:4      | 2395 ||| INVOKING Spit Poison.
  2422 | D:4      | Found a burning altar of Makhleb.
  2424 | D:4      | Noticed a cacodemon
  2543 | D:4      | 2543 ||| INVOKING Spit Poison.
  2700 | D:4      | 2700 ||| READING scroll labelled MEEMY GUAX.
  2738 | D:5      | Entered Level 5 of the Dungeon
  2741 | D:5      | 2741 ||| INVOKING Spit Poison.
  2747 | D:5      | 2747 ||| INVOKING Spit Poison.
  2748 | D:5      | Reached XP level 7. HP: 67/70 MP: 7/7
  2777 | D:5      | Found Lyasehix's Jewellery Shoppe.
  2782 | D:5      | Noticed Duvessa
  2782 | D:5      | Noticed Dowan
  2784 | D:5      | 2784 ||| INVOKING Spit Poison.
  2790 | D:5      | 2790 ||| INVOKING Spit Poison.
  2793 | D:5      | 2793 ||| INVOKING Spit Poison.
  2798 | D:5      | HP: 12/70 [Duvessa/+0 rapier (10)]
  2800 | D:5      | 2800 ||| INVOKING Spit Poison.
  2800 | D:5      | Slain by Duvessa

Levels and vault maps discovered:
D:1:      amcnicky_arrival_abandoned_market, layout_rooms
D:2:      layout_loops_ring
D:3:      layout_rooms, old_standard_altar, mainiacjoe_overflow_brackets,
          nemelex_dance_club_becter, lightli_sewer_entry_pipes, serial_shops,
          shop, grunt_decor_mini_mirrors, st_stairs_6, uniq_ijyb
D:4:      layout_loops_ring, makhleb_altar_promises_db
D:5:      layout_rooms, vehumet_statue, mainiacjoe_overflow_alcove_2,
          serial_shops, shop, uniq_duvessa

Skill      XL: |  1  2  3  4  5  6 |
---------------+-------------------+-----
Ranged Weapons | 4 5 6 |  6.1
Fighting       | 3 4 |  4.1
Armour         | 1 |  1.7
Dodging        | 2 |  2.0
Stealth        | |  1.5

Action                     |  1- 3 |  4- 6 |  7- 9 || total
---------------------------+-------+-------+-------++-------
   Fire: Shortbow          |    70 |   140 |    18 ||   228
Ability: Spit Poison       |    30 |    45 |     4 ||    79
    Use: Scroll            |     1 |     7 |       ||     8
         Potion            |       |     3 |       ||     3
 Armour: Leather armour    |     5 |    44 |    39 ||    88
  Dodge: Dodged            |    10 |    30 |    14 ||    54

Table legend:
 A = Non-vault XP
 B = Vault XP
 C = Vault XP percentage of total XP
 D = Non-vault monster count
 E = Vault monster count
 F = Vault count percentage of total count
                 A         B        C        D         E       F
            +---------+---------+-------+---------+---------+-------
      Total |     562 |     120 |  17.6 |      94 |      16 |  14.5
            +---------+---------+-------+---------+---------+-------
        D:1 |      46 |       0 |   0.0 |      27 |       0 |   0.0
        D:2 |      65 |       0 |   0.0 |      22 |       0 |   0.0
        D:3 |      38 |     120 |  75.9 |      17 |      16 |  48.5
        D:4 |     328 |       0 |   0.0 |      26 |       0 |   0.0
        D:5 |      85 |       0 |   0.0 |       2 |       0 |   0.0
            +---------+---------+-------+---------+---------+-------
